 Dungeon Crawl Stone Soup version 0.20.1-1-g8b1a95d (webtiles) character file.

1484 Irenicus the Carver (level 8, -7/46 HPs)
             Began as an Octopode Chaos Knight on Oct 13, 2017.
             Mangled by an orc warrior
             ... wielding a +0 long sword
              (14 damage)
             ... on level 6 of the Dungeon.
             The game lasted 00:12:19 (6759 turns).

Irenicus the Carver (Octopode Chaos Knight)         Turns: 6759, Time: 00:12:22

Health: -7/46      AC:  1    Str: 11      XL:     8   Next: 79%
Magic:  8/8        EV: 13    Int: 16 (19) God:    Xom [*.....]
Gold:   306        SH:  0    Dex: 10 (12) Spells: 6/7 levels left

rFire    . . .     SeeInvis .   a - +0 falchion (chaos)
rCold    + . .     Gourm    .   (no shield)
rNeg     . . .     Faith    .   (helmet restricted)
rPois    .         Spirit   .   (no amulet)
rElec    .         Reflect  .   g - ring of resist corrosion
rCorr    +         Harm     .   t - ring of teleportation (curse)
MR       +....     Clarity  +   m - ring of protection from cold Stlth ++........Rnd*Tele +
                                w - ring of protection from magic
Regen    0.2/turn               (no ring)
MPRegen  0.2/turn               (no ring)
                                (no ring)
                                (no ring)

@: brilliant
A: almost no armour, stealthy swim, amphibious, 8 rings, constrict 8, camouflage
1, blurry vision 1, clarity, clumsy 1, deterioration 1, frail 1, mutation
resistance 1, gelatinous body 1
a: Renounce Religion


You were on level 6 of the Dungeon.
You worshipped Xom.
You were a special plaything of Xom.
You were not hungry.

You visited 1 branch of the dungeon, and saw 7 of its levels.

You collected 306 gold pieces.

Inventory:

Hand Weapons
 a - a +0 falchion of chaos (weapon)
Jewellery
 g - a ring of resist corrosion (left tentacle)
 m - a ring of protection from cold (on tentacle)
 t - a cursed ring of teleportation (right tentacle)
 w - a ring of protection from magic (on tentacle)
Wands
 j - a wand of random effects (25/48)
 l - a wand of random effects (25/48)
 s - a wand of clouds (0/9)
Scrolls
 d - a scroll of noise {unknown}
 e - 8 scrolls of remove curse {unknown}
 h - 3 scrolls of identify {unknown}
 k - a scroll of enchant armour {unknown}
 n - a scroll of enchant weapon {unknown}
 o - a scroll of fog {unknown}
 p - 4 scrolls of teleportation
 q - 2 scrolls of amnesia {unknown}
 y - a scroll of fear {unknown}
 A - a scroll of recharging {unknown}
Potions
 r - a potion of magic
Books
 c - a book of Misfortune

   Spells                             Type                      Level
   a - Confusing Touch                Hexes                        1
   b - Confuse                        Hexes                        3
   c - Gell's Gravitas                Translocation                3
   d - Petrify                        Transmutation/Earth          4
   e - Metabolic Englaciation         Hexes/Ice                    5
   f - Yara's Violent Unravelling     Hexes/Transmutation          5
 f - a book of Minor Magic

   Spells                             Type                      Level
   a - Magic Dart                     Conjuration                  1
   b - Blink                          Translocation                2
   c - Call Imp                       Summoning                    2
   d - Slow                           Hexes                        2
   e - Conjure Flame                  Conjuration/Fire             3
   f - Mephitic Cloud                 Conjuration/Poison/Air       3
 v - a book of Changes

   Spells                             Type                      Level
   a - Beastly Appendage              Transmutation                1
   b - Sticks to Snakes               Transmutation                2
   c - Spider Form                    Transmutation/Poison         3
   d - Ice Form                       Ice/Transmutation            4
   e - Blade Hands                    Transmutation                5
Comestibles
 b - 6 bread rations
 i - 2 royal jellies
 u - 4 meat rations


   Skills:
 - Level 3.0 Fighting
 + Level 10.8 Long Blades
 - Level 2.3 Dodging
 + Level 1.5 Transmutations
 - Level 0.4 Evocations


You had 6 spell levels left.
You knew the following spells:

 Your Spells              Type           Power        Failure   Level  Hunger
a - Beastly Appendage     Tmut           ##....       1%          1    ##.....


Dungeon Overview and Level Annotations

Branches:
Dungeon (7/15)             Temple (0/1) D:6

Altars:
Dithmenos


Innate Abilities, Weirdness & Mutations

You cannot wear most types of armour.
You are very stealthy in the water. (Stealth+)
You are amphibious.
You can wear up to eight rings at the same time.
You can use your tentacles to constrict eight enemies at once.
Your skin changes colour to match your surroundings (Stealth+).
Your rubbery body absorbs attacks. (AC +1, EV +1)
Scrolls take you a little longer to read.
You possess an exceptional clarity of mind.
You are clumsy. (Dex -2)
Your body sometimes deteriorates upon taking damage.
You are frail. (-10% HP)
You are somewhat resistant to further mutation.


Message History

You hit the orc.
The orc is poisoned.
Your grab misses the orc. You squeeze the orc.
You kill the orc!
The orc warrior completely misses you.
You riposte.
You hit the orc warrior but do no damage.
Your grab misses the orc warrior.
You squeeze the orc warrior, but do no damage.
Things that are here:
a dagger; an orc corpse; a bullfrog skeleton Evoke which item? (* to show all) (? for menu, Esc to quit)
Aiming: Cloud Cone (will waste charges)
Press: ? - help, Dir - move target cursor, f - orc warrior
Aim: an orc warrior, wielding a long sword and wearing a plate armour You create a blast of flame!
Evoking this partially-identified wand wasted a few charges.
The sky beast is engulfed in blazing flames.
The orc warrior is engulfed in blazing flames.
The orc warrior hits you with a long sword!
You die...
Xom snickers!

#.......##########...#.......'...
#.#####.#............#.......#...
#.# #.#.########...##.....##...
#.# #....)........####...###...
#.# ###....).(.#>.######## #...
#.##############.#....##...###...
#......# #.#...##.....##...
######.# #.#...#.......#... #.#
#@#####.......'... #.# #o#
#.......#... #.# #§# ##.....##...
#.# #Y# ##...###... #.# #§# #####
#... #.# #># ##...###... #.#
#####[# ##.....##... #.# #.....#
#.......#... ####.# #.#####
#.......'...


You could see an orc warrior and a sky beast.

Vanquished Creatures
  Grinder (D:6)
  Sigmund (D:2)
  An ogre (D:7)
  A bullfrog (D:6)
  Blork the orc (D:4)
  2 scorpions (D:6)
  3 crimson imps (D:5)
  Crazy Yiuf (D:2)
  2 orc priests
  A centaur skeleton (D:5)
  A hound (D:6)
  A bullfrog skeleton (D:6)
  2 iguanas (D:4)
  9 orc wizards
  2 worker ants
  A killer bee zombie (D:6)
  A hound skeleton (D:5)
  A worker ant zombie (D:5)
  3 adders
  3 shadow imps
  An adder skeleton (D:5)
  2 worms
  A dart slug (D:3)
  6 leopard geckos
  20 orcs
  3 giant cockroaches (D:4)
  11 goblins
  4 hobgoblins
  6 jackals
  3 quokkas
  7 bats
  5 frilled lizards
  5 kobolds
  A leopard gecko skeleton (D:4)
  3 rats
116 creatures vanquished.

Vanquished Creatures (others)
  4 toadstools (D:1)
4 creatures vanquished.

Grand Total: 120 creatures vanquished

Notes
Turn   | Place    | Note
-------+----------+-------------------------------------------
     0 | D:1      | Irenicus the Octopode Chaos Knight began the quest for the Orb.
     0 | D:1      | Reached XP level 1. HP: 16/16 MP: 1/1
    28 | D:1      | XOM: potion effect (curing)
    39 | D:1      | Reached XP level 2. HP: 5/21 MP: 2/2
    43 | D:1      | HP: 1/21 [goblin (2)]
   372 | D:1      | XOM: divination: magic mapping
   409 | D:1      | XOM: harmless Erth miscast
   568 | D:1      | Reached skill level 4 in Long Blades
   644 | D:1      | XOM: silly message
   687 | D:1      | Reached XP level 3. HP: 26/26 MP: 3/3
  1224 | D:2      | Noticed Sigmund
  1271 | D:2      | XOM: confuse monster(s)
  1276 | D:2      | XOM: butterfly on damage
  1281 | D:2      | Killed Sigmund
  1281 | D:2      | Reached skill level 6 in Long Blades
  1281 | D:2      | Reached XP level 4. HP: 29/31 MP: 4/4
  1281 | D:2      | Reached XP level 5. HP: 34/36 MP: 5/5
  1397 | D:2      | XOM: scenery: 2 doors open
  1405 | D:2      | Found a runed door.
  1409 | D:2      | Noticed Crazy Yiuf
  1413 | D:2      | XOM: butterfly on damage
  1415 | D:2      | XOM: butterfly on damage
  1416 | D:2      | Killed Crazy Yiuf
  1586 | D:2      | XOM: give mutations
  1586 | D:2      | Gained mutation: Your mind is acute. (Int +2) [Xom's grace]
  1586 | D:2      | Gained mutation: You possess an exceptional clarity of mind. [Xom's grace]
  1619 | D:3      | Found a shadowy altar of Dithmenos.
  1706 | D:3      | Reached XP level 6. HP: 37/42 MP: 6/6
  1722 | D:3      | XOM: fog
  2088 | D:4      | XOM: smoke on damage
  2091 | D:4      | XOM: blink monster(s)
  2209 | D:4      | Reached skill level 7 in Long Blades
  2230 | D:4      | Noticed Blork the orc
  2354 | D:3      | XOM: give mutations
  2354 | D:3      | Gained mutation: Scrolls take you a little longer to read. [Xom's mischief]
  2354 | D:3      | Gained mutation: You are partially covered in slimy green scales. (AC +2) [Xom's mischief]
  2409 | D:4      | XOM: confuse monster(s)
  2422 | D:4      | Killed Blork the orc
  2719 | D:4      | Reached XP level 7. HP: 42/46 MP: 7/7
  2765 | D:4      | XOM: noise
  2859 | D:5      | Entered Level 5 of the Dungeon
  2897 | D:5      | Reached skill level 8 in Long Blades
  2979 | D:5      | XOM: give mutations
  2979 | D:5      | Lost mutation: Your mind is acute. (Int +2) [Xom's mischief]
  2979 | D:5      | Lost mutation: You are partially covered in slimy green scales. (AC +2) [Xom's mischief]
  2979 | D:5      | Gained mutation: You are clumsy. (Dex -2) [Xom's mischief]
  2979 | D:5      | Gained mutation: Your body sometimes deteriorates upon taking damage. [Xom's mischief]
  3753 | D:5      | XOM: give mutations
  3753 | D:5      | Gained mutation: You are dopey. (Int -2) [Xom's mischief]
  3753 | D:5      | Lost mutation: You are dopey. (Int -2) [Xom's mischief]
  3763 | D:5      | XOM: torment (23/46 hp)
  4543 | D:5      | Learned a level 1 spell: Beastly Appendage
  4577 | D:6      | Reached skill level 9 in Long Blades
  4785 | D:6      | Noticed Grinder
  4882 | D:6      | Killed Grinder
  4882 | D:6      | Reached XP level 8. HP: 15/52 MP: 8/8
  4883 | D:6      | Found a staircase to the Ecumenical Temple.
  4996 | D:6      | XOM: enchant monster (bad)
  5285 | D:6      | XOM: polymorph orc wizard -> scorpion
  5287 | D:6      | XOM: 9-stop teleportation journey
  5356 | D:6      | Reached skill level 1 in Transmutations
  5377 | D:6      | Reached skill level 10 in Long Blades
  5565 | D:6      | HP: 3/78 [poisoned by an orc wizard]
  5570 | D:6      | HP: 3/78 [poisoned by an orc wizard]
  6129 | D:6      | XOM: give mutations
  6129 | D:6      | Gained mutation: You are somewhat resistant to further mutation. [Xom's mischief]
  6129 | D:6      | Gained mutation: You are frail. (-10% HP) [Xom's mischief]
  6407 | D:7      | XOM: harmless Hex miscast
  6410 | D:7      | XOM: smoke on damage
  6413 | D:7      | XOM: noise
  6421 | D:6      | HP: 2/46 [bullfrog (8)]
  6759 | D:6      | Mangled by an orc warrior

Skill      XL: |  1  2  3  4  5  6  7  8 |
---------------+-------------------------+-----
Long Blades    | 4 6 7 9 10 | 10.8
Transmutations | 1 |  1.5
Fighting       | |  3.0
Dodging        | |  2.3
Evocations     | |  0.4

Action                   |  1- 3 |  4- 6 |  7- 9 || total
-------------------------+-------+-------+-------++-------
Melee: Falchion          |    50 |    91 |   189 ||   330
       Constrict         |    13 |    28 |    35 ||    76
       Tentacles         |     9 |    13 |    21 ||    43
       Kick              |       |       |     7 ||     7
 Cast: Beastly Appendage |       |       |     7 ||     7
Evoke: Wand              |       |     2 |     2 ||     4
  Use: Potion            |     1 |     2 |     7 ||    10
       Scroll            |     1 |       |       ||     1
 Stab: Sleeping          |     6 |    10 |     4 ||    20
       Confused          |     1 |     1 |       ||     2
       Distracted        |       |     1 |       ||     1
       Paralysed         |       |     1 |       ||     1
  Eat: Chunk             |       |     3 |     5 ||     8
       Bread ration      |       |     1 |     1 ||     2
       Royal jelly       |       |       |     1 ||     1
Armor: Skin              |     2 |     5 |    47 ||    54
Dodge: Dodged            |    25 |    33 |    65 ||   123
       Rpst.: Falchion   |     5 |    10 |    17 ||    32
